AoeStats
← Hobzo von Malowitz

Arabia

508966727Analyzed
3v3 RM · 7d ago on Sep 24, 2026· 33m 26s· 6 players
Game mode
Random Map
Map size
Normal (6 player)
Population
200
Speed
Normal
Resources
Standard
Victory
Conquest
Starting age
Dark Age
Ending age
Imperial Age
RankedLock teamsTeams togetherTeam positionsShared explorationLock speedFull tech treeHidden civsTurbo modeCheats
Victory
Defeat
🇨🇿 Mongols · Czechia
924
+12
🇸🇰 Byzantines · Slovakia
881
+14
🇨🇿 Franks · Czechia
807
+20
🇨🇳 Persians · China
861
-15
🇪🇸 Khmer · Spain
834
-14
🇪🇸 Khmer · Spain
825
-14
miniopepotes98
16:04 Feudal Age
16:31 Double-Bit Axe
20:18 Castle Age
19:03 Bloodlines
23:38 Bow Saw
24:12 Scale Barding Armor
31:44 Imperial Age
vacaLechada7
16:26 Feudal Age
17:17 Double-Bit Axe
17:13 Horse Collar
19:37 Castle Age
20:18 Heavy Plow
20:33 Bow Saw
21:08 Bloodlines
21:44 Scale Barding Armor
25:18 Forging
27:27 Stone Mining
27:29 Gold Mining
29:25 Wheelbarrow
31:41 Hand Cart
2208939580
10:28 Feudal Age
11:01 Double-Bit Axe
18:55 Castle Age
17:06 Horse Collar
17:31 Stone Mining
18:04 Gold Mining
20:24 Bow Saw
24:03 Heavy Plow
27:28 Wheelbarrow
26:40 Loom
29:15 Crossbowman
30:00 Thumb Ring
29:59 Kamandaran
Hobzo von Malowitz
6:57 Loom
9:41 Feudal Age
11:30 Double-Bit Axe
24:56 Castle Age
23:37 Wheelbarrow
22:47 Town Watch
23:55 Forging
23:36 Fletching
25:05 Pikeman
25:46 Squires
30:07 Scale Mail Armor
32:43 Chain Mail Armor
33:04 Iron Casting
PASTIKA
3:07 Loom
9:05 Feudal Age
9:40 Double-Bit Axe
11:34 Horse Collar
17:52 Gold Mining
20:17 Castle Age
19:06 Scale Barding Armor
19:16 Bloodlines
19:36 Forging
19:57 Scale Mail Armor
20:46 Pikeman
23:41 Husbandry
24:39 Stone Mining
27:26 Wheelbarrow
33:50 Iron Casting
33:31 Chain Mail Armor
34:04 Hand Cart
Marecek
6:35 Loom
9:35 Feudal Age
10:07 Double-Bit Axe
10:03 Horse Collar
17:18 Wheelbarrow
20:43 Castle Age
19:56 Scale Barding Armor
20:02 Forging
20:47 Gold Mining
21:47 Chain Barding Armor
22:03 Iron Casting
22:01 Bow Saw
22:32 Heavy Plow
23:09 Padded Archer Armor
24:13 Elite Skirmisher
24:36 Pikeman
26:26 Scale Mail Armor
27:56 Husbandry
28:08 Elite Skirmisher
30:16 Chain Mail Armor
33:31 Fletching
Connection lost

Rejoining the realm…

Still unreachable

The connection could not be restored.

Session expired

The server has moved on; the page needs a fresh start.